Map: Acid Plant LE

Players

Bunny

  • Race: Terran Terran
  • League: Diamond
  • Spawn Location: 11:00

Serral - Winner!

  • Race: Zerg Zerg
  • League: Master
  • Spawn Location: 5:00

Event: HomeStory Cup XVIII

VOD

Have the link to the VOD?

Description

Time

  • Played on: Nov. 25, 2018, 11:47 a.m.
  • Length: 17:06

All games in this series

Show
View Real Time Build Order
Export as new Build Order

Bunny Terran 

Build Orders: Reaper Expand 

Get SALT Encoding   

  12  0:00  SCV  
  13  0:12  SCV  
  14  0:17  Supply Depot  
  14  0:25  SCV  
  15  0:38  SCV  
  15  0:40  Barracks  
  16  0:43  Refinery  
  16  0:50  SCV  
  17  1:03  SCV  
  18  1:15  SCV  
  19  1:27  Reaper, Orbital Command  
  20  1:39  Command Center  
  20  1:50  Supply Depot  
  20  1:52  SCV  
  21  1:59  Marine  
  22  2:04  SCV  
  22  2:05  Factory  
  23  2:10  Refinery  
  23  2:16  SCV  
  23  2:22  Barracks Reactor  
  24  2:28  SCV  
  25  2:40  SCV  
  26  2:51  Orbital Command  
  26  2:52  Starport, SCV  
  27  3:03  Hellion x2  
  27  3:04  SCV  
  27  3:05  Barracks Tech Lab  
  32  3:15  Supply Depot  
  32  3:17  SCV  
  32  3:18  SCV  
  34  3:24  Hellion x2  
  38  3:29  SCV  
  38  3:30  SCV  
  40  3:36  Viking  
  40  3:39  Supply Depot  
  40  3:41  SCV  
  43  3:42  SCV  
  43  3:46  Widow Mine x2  
  48  3:53  SCV  
  48  3:54  SCV  
  50  4:06  Medivac  
  50  4:07  Widow Mine x2, SCV x2  
  58  4:16  Command Center, Barracks Tech Lab  
  58  4:20  SCV x2  
  60  4:32  SCV x2  
  60  4:33  Supply Depot  
  60  4:36  Stimpack, Barracks  
  60  4:37  Barracks  
  62  4:41  Factory Reactor  
  62  4:49  Engineering Bay  
  62  4:50  Engineering Bay  
  62  4:54  Marine, Starport Reactor, SCV x2  
  62  4:56  Supply Depot  
  65  5:04  Refinery  
  65  5:05  Refinery  
  65  5:06  SCV x2  
  67  5:18  Supply Depot, SCV x2  
  69  5:21  Marine  
  69  5:27  Marine x2  
  70  5:31  SCV x2  
  68  5:36  Terran Infantry Weapons Level 1, Terran Infantry Armor Level 1  
  68  5:37  SCV  
  68  5:40  Marine x3  
  68  5:41  Medivac  
  68  5:42  Medivac  
  72  5:43  SCV  
  72  5:45  Marine x2, SCV  
  77  5:50  Siege Tank  
  77  5:52  Orbital Command  
  77  5:55  SCV  
  80  5:57  SCV  
  80  5:58  Marine x2  
  80  6:03  Marine x3  
  86  6:07  SCV  
  86  6:09  SCV  
  88  6:11  Medivac  
  88  6:12  Medivac  
  88  6:16  Marine  
  88  6:17  Barracks  
  93  6:19  Barracks  
  93  6:20  Marine  
  93  6:21  Marine x2  
  96  6:26  SCV x2, Orbital Command  
  96  6:27  Siege Tank  
  101  6:37  Armory  
  101  6:38  Supply Depot  
  101  6:40  Supply Depot, Factory  
  101  6:43  SCV  
  101  6:44  SCV  
  103  6:49  Marine  
  103  6:50  Marine x2  
  103  6:51  Marine  
  107  6:56  SCV x2  
  107  7:00  SCV  
  110  7:02  Marine  
  110  7:04  Combat Shield  
  110  7:06  Widow Mine  
  110  7:07  Marine x2  
  110  7:08  Barracks Reactor x2, SCV x2  
  117  7:15  Marine, SCV  
  108  7:16  Marine  
  108  7:20  Marine, Refinery, SCV x2  
  108  7:22  Supply Depot  
  113  7:25  Marine  
  118  7:30  Widow Mine  
  118  7:31  Factory Reactor  
  118  7:33  Terran Infantry Weapons Level 2  
  116  7:39  Terran Infantry Armor Level 2  
  116  7:42  Marine x4  
  116  7:43  Marine, SCV x3  
  124  7:45  Supply Depot  
  124  7:46  Supply Depot  
  124  7:50  Medivac  
  126  7:57  Marine  
  127  8:00  Marine x5  
  127  8:01  Marauder  
  132  8:06  Barracks  
  132  8:07  Widow Mine, Barracks  
  132  8:08  Barracks  
  132  8:12  Marine  
  132  8:13  Marine  
  132  8:15  Marine  
  132  8:18  Marine  
  132  8:19  Widow Mine  
  138  8:20  Widow Mine, Drilling Claws  
  138  8:22  Marauder  
  138  8:26  Terran Vehicle And Ship Armor Level 1  
  140  8:27  Supply Depot  
  140  8:28  Widow Mine  
  140  8:31  Supply Depot  
  142  8:38  Marine x3  
  140  8:43  Marauder  
  140  8:45  Medivac x2  
  140  8:46  Marine x4  
  140  8:47  Marine  
  140  8:54  Barracks Tech Lab  
  140  8:55  Marine, Barracks Tech Lab  
  131  8:56  Barracks Reactor  
  131  8:59  Command Center  
  131  9:00  Concussive Shells  
  132  9:07  Supply Depot, Widow Mine x3, Sensor Tower  
  138  9:10  Marine x3  
  138  9:13  Marauder  
  143  9:19  Marine x2, Marauder x2  
  143  9:22  Medivac  
  143  9:23  Medivac  
  153  9:24  Marine  
  153  9:30  Widow Mine  
  153  9:31  Widow Mine x2  
  160  9:34  Marine  
  160  9:35  Marine x2, Marauder  
  154  9:40  Marauder  
  154  9:41  Marauder  
  154  9:44  Marine  
  154  9:45  Marine  
  160  9:47  Marine  
  160  9:48  Marine x3  
  160  9:52  Supply Depot, Widow Mine x2  
  158  9:54  Medivac x2  
  158  9:56  Marauder  
  164  10:04  Marauder x2  
  162  10:08  Marine  
  162  10:09  Marine x6  
  162  10:14  Widow Mine x2  
  162  10:20  Marine x4  
  166  10:24  Marine, Medivac x2  
  166  10:26  Marauder, Marine  
  166  10:27  Marine x3  
  161  10:31  Widow Mine  
  161  10:32  Marine x2  
  149  10:36  Widow Mine  
  149  10:37  Marine  
  149  10:38  Marine x3  
  149  10:39  Marauder  
  149  10:42  Marine  
  157  10:44  Marine  
  157  10:45  Marine  
  151  10:51  Widow Mine  
  151  10:54  Terran Infantry Weapons Level 3  
  151  10:55  Marine  
  153  10:57  Widow Mine  
  153  11:08  Marine, Medivac x2  
  153  11:11  Marine x4  
  155  11:13  Marine x6  
  155  11:17  Planetary Fortress  
  162  11:25  Sensor Tower  
  162  11:26  Marine x3  
  162  11:27  Unknown x5  
  162  11:28  Marine  
  162  11:29  Marine x2  
  168  11:34  Terran Infantry Armor Level 3  
  168  11:35  Marauder  
  168  11:36  Marine x3  
  173  11:40  Widow Mine x2  
  173  11:42  Medivac  
  173  11:44  Widow Mine  
  181  11:51  Marine x5  
  178  11:54  Marauder x2  
  178  11:57  Marine x3  
  183  12:04  Widow Mine x2  
  183  12:08  Sensor Tower  
  187  12:10  Marine x5, Medivac  
  187  12:12  Medivac  
  196  12:17  Supply Depot, Marine x4  
  190  12:27  Marauder x2, Marine  
  195  12:31  Marine  
  195  12:35  Marine x6  
  188  12:48  Marauder  
  188  12:49  Marine  
  188  12:50  Marine x5  
  196  12:52  Marine  
  196  12:54  Medivac  
  199  12:58  Ghost Academy  
  199  13:00  Starport x2  
  198  13:07  Command Center  
  198  13:09  Marauder x2, Marine x4  
  197  13:18  Terran Vehicle And Ship Armor Level 2  
  197  13:26  Marauder  
  199  13:29  Personal Cloaking  
  199  13:31  Fusion Core  
  195  13:39  Widow Mine x3  
  198  13:48  Missile Turret, Sensor Tower  
  195  13:52  Marauder x2  
  195  13:53  Marauder  
  195  13:54  Marine x6  
  191  14:00  Widow Mine x2  
  191  14:01  Widow Mine  
  186  14:11  Medivac x2  
  186  14:16  Marauder x3  
  195  14:18  Starport Reactor, Starport Tech Lab  
  195  14:22  Widow Mine x2  
  199  14:26  Planetary Fortress  
  199  14:30  Refinery  
  199  14:35  Missile Turret, Unknown x2  
  198  14:51  Ghost  
  198  14:52  Ghost  
  189  14:54  Unknown x6  
  189  14:55  Marine  
  189  14:58  Marine  
  192  15:00  Liberator x2  
  180  15:07  Marine x5  
  180  15:10  Widow Mine x3  
  180  15:12  Marine x2  
  199  15:22  Command Center  
  199  15:23  Refinery  
  199  15:24  Command Center  
  199  15:26  Ghost  
  198  15:37  Ghost  
  199  15:47  Ghost  
  197  15:55  Missile Turret, Sensor Tower  
  191  16:10  Ghost  
  191  16:11  Ghost  
  191  16:14  Marine x5  
  191  16:15  Refinery x2  
  192  16:18  Marine x2  
  192  16:19  Marine x4  
  194  16:32  Marine x5  
  162  16:36  Marine x5  
  162  16:37  Marauder  
  162  16:39  Marauder  
  133  16:40  Marine  
  127  16:51  Unknown x3  
Show
View Real Time Build Order
Export as new Build Order

Serral Zerg - Winner!

Build Orders: Hatch First 

Get SALT Encoding   

  12  0:00  Drone  
  13  0:12  Overlord  
  13  0:17  Drone  
  14  0:31  Drone x2  
  16  0:48  Hatchery  
  15  0:52  Drone  
  15  0:55  Drone  
  17  0:59  Drone  
  18  1:08  Extractor  
  17  1:13  Spawning Pool  
  17  1:16  Drone  
  17  1:20  Drone  
  18  1:28  Drone  
  19  1:38  Drone  
  20  1:49  Drone  
  21  2:00  Queen x2  
  21  2:01  Zergling x4  
  27  2:14  Hatchery  
  26  2:18  Overlord  
  26  2:22  Drone  
  27  2:24  Drone  
  27  2:29  Metabolic Boost  
  28  2:38  Drone x2  
  28  2:39  Drone  
  30  2:45  Queen  
  30  2:50  Overlord  
  32  2:54  Drone  
  32  2:55  Drone  
  32  2:57  Drone  
  35  3:09  Drone x2  
  35  3:10  Overlord, Drone  
  35  3:11  Drone  
  39  3:15  Drone  
  39  3:19  Queen  
  42  3:22  Drone  
  43  3:28  Zergling x2  
  43  3:29  Queen  
  43  3:33  Overlord  
  46  3:35  Drone  
  46  3:36  Drone  
  46  3:37  Drone  
  49  3:41  Drone x2  
  49  3:44  Drone  
  49  3:45  Drone  
  53  3:51  Drone  
  53  3:52  Drone x2  
  56  3:58  Queen  
  56  3:59  Overlord  
  56  4:01  Zergling x4  
  60  4:03  Zergling x2  
  60  4:08  Queen  
  63  4:10  Overlord  
  63  4:15  Zergling x4  
  65  4:18  Overlord  
  65  4:23  Overlord  
  65  4:29  Overlord  
  66  4:31  Zergling x4  
  66  4:32  Zergling x2  
  66  4:33  Drone x5  
  73  4:40  Drone x2, Spore Crawler  
  73  4:43  Overlord  
  73  4:44  Drone x3  
  77  4:48  Spore Crawler  
  77  4:49  Spore Crawler  
  77  4:51  Overlord  
  77  4:52  Drone  
  76  4:57  Evolution Chamber  
  76  4:58  Evolution Chamber, Zergling x4  
  76  5:01  Drone x3  
  76  5:04  Drone  
  76  5:06  Drone  
  80  5:09  Extractor, Lair  
  80  5:10  Extractor  
  80  5:11  Drone  
  80  5:12  Extractor x2, Drone  
  78  5:14  Drone  
  78  5:15  Drone  
  78  5:18  Drone x2  
  78  5:20  Drone x2  
  84  5:26  Drone  
  72  5:34  Drone x3  
  72  5:37  Drone x2  
  72  5:38  Drone  
  72  5:39  Drone x3  
  78  5:44  Zerg Ground Armor Level 1  
  78  5:47  Zerg Melee Weapons Level 1  
  78  5:48  Drone x2  
  80  5:51  Drone  
  80  5:54  Overlord  
  80  5:55  Drone x2  
  83  5:57  Overlord  
  83  6:00  Drone  
  83  6:02  Overlord, Drone  
  85  6:07  Drone x2  
  86  6:12  Baneling Nest  
  86  6:13  Drone x2  
  86  6:14  Drone  
  86  6:17  Drone x3  
  91  6:20  Drone, Zergling x4  
  94  6:27  Hatchery  
  94  6:29  Zergling x4  
  94  6:30  Zergling x2  
  96  6:37  Zergling x2  
  96  6:38  Overseer  
  97  6:43  Overlord  
  97  6:44  Zergling x12  
  97  6:46  Hydralisk Den  
  102  6:53  Overlord  
  102  6:54  Zergling x4  
  102  6:55  Zergling x4  
  102  6:56  Centrifical Hooks  
  106  7:03  Zergling x6  
  109  7:12  Zergling x4  
  95  7:17  Baneling x5  
  95  7:20  Zergling x18  
  104  7:23  Muscular Augments  
  104  7:29  Hatchery  
  102  7:32  Overlord  
  102  7:33  Zergling x6  
  105  7:41  Zerg Ground Armor Level 2  
  105  7:43  Zerg Melee Weapons Level 2  
  105  7:48  Zergling x8  
  105  7:49  Overlord, Zergling x2  
  110  7:51  Zergling x2  
  110  7:52  Zergling x6  
  110  7:53  Overlord  
  110  7:57  Overlord  
  114  8:01  Overlord  
  114  8:02  Drone  
  114  8:03  Drone  
  117  8:05  Drone  
  117  8:10  Drone  
  117  8:12  Drone x2  
  118  8:19  Zergling x12  
  123  8:24  Zergling x2  
  124  8:27  Baneling x7  
  124  8:29  Zergling x10  
  128  8:34  Grooved Spines  
  118  8:41  Zergling x2  
  118  8:42  Zergling x10  
  118  8:46  Zergling x2  
  120  8:52  Zergling x6  
  122  8:56  Baneling  
  122  8:57  Queen, Baneling x8  
  122  9:00  Burrow  
  122  9:02  Extractor  
  123  9:03  Infestation Pit  
  123  9:04  Hydralisk x6  
  123  9:05  Hydralisk x4  
  123  9:08  Drone x2  
  123  9:09  Drone x2  
  145  9:13  Baneling x6  
  144  9:18  Drone  
  144  9:20  Spore Crawler  
  144  9:23  Overlord  
  144  9:24  Hydralisk x3  
  149  9:34  Zergling x14  
  153  9:39  Overlord  
  153  9:41  Hive  
  153  9:44  Drone x2  
  155  9:54  Hydralisk x2  
  155  9:55  Zergling x14  
  166  10:01  Zerg Missile Weapons Level 1  
  166  10:03  Hatchery  
  159  10:11  Zergling x24  
  153  10:21  Zergling x6  
  145  10:23  Baneling x8  
  141  10:32  Zergling x14  
  137  10:36  Overseer, Zergling x10  
  137  10:38  Baneling x9  
  137  10:41  Overlord  
  136  10:50  Zergling x12  
  140  10:57  Zerg Ground Armor Level 3  
  140  10:58  Drone x4  
  142  11:07  Zergling x20  
  142  11:08  Pneumatized Carapace  
  145  11:14  Drone  
  145  11:17  Drone x3  
  145  11:18  Drone  
  150  11:25  Overlord  
  150  11:30  Zergling x14  
  157  11:37  Viper x3, Spire  
  157  11:39  Baneling x9  
  164  11:42  Overseer  
  164  11:44  Drone  
  164  11:45  Zergling x12  
  164  11:46  Spore Crawler  
  170  11:59  Zergling x22  
  170  12:00  Zergling x8  
  179  12:06  Baneling x10  
  178  12:09  Zergling x10  
  178  12:10  Zergling x4  
  178  12:14  Baneling x9  
  185  12:16  Zergling x4  
  187  12:22  Extractor  
  187  12:24  Drone x3  
  187  12:26  Baneling x14, Spore Crawler x2  
  187  12:27  Zergling x6  
  184  12:38  Zergling x18, Baneling x5  
  187  12:48  Zergling x18  
  195  12:56  Greater Spire  
  195  12:57  Queen  
  191  13:00  Hydralisk x4  
  191  13:01  Zergling x2  
  191  13:02  Baneling x3  
  191  13:03  Baneling  
  196  13:08  Zergling x2  
  196  13:09  Zergling x10  
  198  13:22  Zergling x2  
  198  13:24  Baneling  
  198  13:25  Baneling x10  
  199  13:30  Extractor  
  191  13:34  Zergling x18  
  191  13:40  Corruptor  
  200  13:43  Extractor, Corruptor  
  197  13:51  Corruptor x3  
  197  13:54  Zergling x12  
  199  14:01  Baneling x12  
  199  14:04  Spine Crawler  
  199  14:06  Spine Crawler  
  199  14:11  Baneling x5  
  199  14:14  Brood Lord  
  199  14:15  Baneling x3  
  198  14:41  Brood Lord  
  198  14:42  Hatchery  
  198  14:43  Zerg Flyer Weapons Level 1  
  198  14:52  Brood Lord x3  
  193  14:59  Zergling x2  
  191  15:00  Zergling x34  
  185  15:08  Zergling x12  
  185  15:09  Corruptor x3  
  185  15:10  Corruptor  
  196  15:42  Overseer x2  
  196  15:50  Brood Lord x2  
  196  15:54  Hatchery  
  196  15:56  Brood Lord  
  199  15:59  Overseer  
  199  16:04  Baneling x18  
  199  16:15  Brood Lord  
  197  16:30  Overseer, Zergling x24  
  197  16:32  Zergling x20  
  200  16:36  Zergling x30  
Tags
 
Add a new tag
Caveats
  • Supply blocks, unpowered buildings, or Contaminate may cause inaccurate times.
  • Supply counts are checked every 10 seconds.